[Event "*** Titled Tuesday Blitz"]
[Site "Chess.com"]
[Date "2020.10.20"]
[Round "11"]
[White "esapunov"]
[Black "KaterinaMiroshnik"]
[Result "0-1"]
[WhiteElo "2730"]
[BlackElo "2498"]
[TimeControl "180+1"]
[EndTime "12:08:38 PDT"]
[Termination "KaterinaMiroshnik won by resignation"]

1. c4 e6 2. Nf3 Nf6 3. Nc3 d5 4. d4 Bb4 5. Qa4+ Nc6 6. Bg5 O-O 7. e3 Be7 8. Rc1 a6 9. a3 Bd7 10. Qc2 h6 11. Bf4 Rc8 12. Bd3 Na7 13. c5 Nc6 14. h3 Nh5 15. Bh2 f5 16. O-O Nf6 17.
b4 Ne4 18. Ne2 Be8 19. Nf4 Bf7 20. Be2 Ng5 21. Ne5 Nxe5 22. dxe5 b6 23. Bxa6 Ra8 24.
Qd3 bxc5 25. bxc5 Ne4 26. c6 Nc5 27. Rxc5 Bxc5 28. a4 d4 29. exd4 Qxd4 30. Bb5 g5 31. Qxd4 Bxd4 32. Ne2 Bb6 33. Kh1 Rfd8 34. f4 Kg7 35. g4 Bg6 36. Bg3 fxg4 37. hxg4 Be4+ 38. Kh2 Rd2 39. f5 exf5 40. gxf5 Bd3 41. Bxd3 Rxd3 42. e6 Rd2 43. Re1 Kf6 44. Kh3 Rad8 45. Nc3 R2d3 46.
Ne4+ Kxf5 47. e7 Re8 48. a5 Bxa5 49. Nc5 Rxg3+ 50. Kxg3 Bxe1+ 0-1

[Event "*** Titled Tuesday Blitz"]
[Site "Chess.com"]
[Date "2020.10.20"]
[Round "11"]
[White "boasovietica"]
[Black "xberli"]
[Result "1-0"]
[WhiteElo "2416"]
[BlackElo "2545"]
[TimeControl "180+1"]
[EndTime "12:08:39 PDT"]
[Termination "boasovietica won by resignation"]

1. Nf3 Nf6 2. c4 g6 3. Nc3 Bg7 4. e4 e5 5. g3 O-O 6. Bg2 c6 7. d4 exd4 8. Nxd4 d5 9. cxd5 cxd5 10. e5 Ne4 11. f4 Nxc3 12. bxc3 Nc6 13. O-O f6 14.
exf6 Bxf6 15. Be3 b6 16. Nxc6 Qc7 17. Bxd5+ Kh8 18. Bd4 Bb7 19. Bxf6+ Rxf6 20. Qd4 Rf8 21. Ne5 Bxd5 22. Qxd5 Qxc3 23. Rac1 Qe3+ 24. Kg2 g5 25.
Ng4 Qe2+ 26. Nf2 gxf4 27. Qd3 Qxa2 28. Rc7 Qg8 29. Ne4 R6f7 30. Qd4+ Qg7 31. Qxg7+ Kxg7 32. Rxf7+ Rxf7 33. Rxf4 Rxf4 34. gxf4 a5 35. Nc3 Kg6 36. Kf3 Kf5 37. h3 h6 38. Ke3 h5 39. Kf3 Ke6 40. Ke4 Kd6 41. f5 Kc5 42. Ke5 b5 43. f6 b4 44. Nb1 a4 45. f7 a3 46. f8=Q+ Kc4 47.
Nxa3+ bxa3 48. Qxa3 1-0

[Event "*** Titled Tuesday Blitz"]
[Site "Chess.com"]
[Date "2020.10.20"]
[Round "11"]
[White "picturesquecheck"]
[Black "bazar-wokzal"]
[Result "1/2-1/2"]
[WhiteElo "2169"]
[BlackElo "2488"]
[TimeControl "180+1"]
[EndTime "12:08:39 PDT"]
[Termination "Game drawn by repetition"]

1. e4 Nc6 2. Nf3 d5 3. exd5 Qxd5 4. Nc3 Qa5 5. Bc4 Bg4 6. O-O Nf6 7. h3 Bh5 8. Be2 O-O-O 9. d3 e5 10. Qe1 Nb4 11.
Bd1 Bxf3 12. gxf3 Bd6 13. Ne4 Qd5 14. Nxd6+ Qxd6 15. Bg5 Nbd5 16. f4 exf4 17. Bf3 Rhe8 18. Qa5 Qb6 19. Qxb6 axb6 20. Rae1 Re6 21. Bxd5 Rxd5 22.
Bxf4 Rf5 23. Bg3 Kd7 24. Kg2 b5 25. Re3 Rxe3 26. fxe3 Rxf1 27. Kxf1 Nd5 28. Ke2 Nb4 29. c3 Nxa2 30. Kd2 b4 31. Kc2 c5 32. e4 b5 33.
Bf4 c4 34. Kb1 b3 35. d4 f6 36. h4 g6 37. Bh6 Ke6 38. Bf4 h5 39. d5+ Kd7 40. Be3 Ke7 41. Bc5+ Kf7 42. Bd4 g5 43. hxg5 fxg5 44. e5 h4 45. e6+ Ke7 46. Bc5+ Kf6 47. Bd4+ Ke7 48. Bc5+ Kf6 49. Bd4+ Ke7 1/2-1/2

[Event "*** Titled Tuesday Blitz"]
[Site "Chess.com"]
[Date "2020.10.20"]
[Round "11"]
[White "vugarrasulov"]
[Black "Msb2"]
[Result "1-0"]
[WhiteElo "2886"]
[BlackElo "2928"]
[TimeControl "180+1"]
[EndTime "12:08:40 PDT"]
[Termination "vugarrasulov won by checkmate"]

1. d4 Nf6 2. g3 d5 3. Bg2 Bf5 4. Nf3 h6 5. O-O e6 6. c4 c6 7. Qb3 Qb6 8. c5 Qa6 9. Re1 b6 10.
cxb6 axb6 11. Nc3 Be7 12. Ne5 O-O 13. Bf4 Rc8 14. a4 Nbd7 15. Rec1 Nxe5 16. Bxe5 Nd7 17. Bf4 Qa5 18. e4 Bg6 19. exd5 exd5 20. Bh3 Rd8 21. Bc7 Rdc8 22. Nxd5 cxd5 23. Bxd7 Rxc7 24. Rxc7 b5 25. Rb7 bxa4 26. Qxa4 Qxa4 27. Rxa4 Rd8 28. Bc6 Bf6 29. Rd7 Rc8 30. Bxd5 Rc1+ 31. Kg2 h5 32. h4 Kh7 33. b4 Rb1 34. Bf3 Bd3 35. Ra5 Rb2 36.
Rxh5+ Kg6 37. Rh8 Rb1 38. g4 Rb2 39. g5 Bf5 40. Bh5# 1-0

[Event "*** Titled Tuesday Blitz"]
[Site "Chess.com"]
[Date "2020.10.20"]
[Round "11"]
[White "PriSachu"]
[Black "FMalexhdez"]
[Result "0-1"]
[WhiteElo "2424"]
[BlackElo "2302"]
[TimeControl "180+1"]
[EndTime "12:08:40 PDT"]
[Termination "FMalexhdez won by resignation"]

1. e4 c5 2. Nf3 d6 3. d4 cxd4 4. Nxd4 Nf6 5. Nc3 a6 6. f4 e5 7. Nf3 Nc6 8. fxe5 Nxe5 9. Nxe5 dxe5 10. Qxd8+ Kxd8 11. Bc4 Be6 12. Bxe6 fxe6 13. Bg5 Bb4 14. O-O-O+ Ke7 15. Nb1 Rhd8 16. c3 Bc5 17. Nd2 h6 18. Bh4 g5 19. Bg3 Be3 20. Rhe1 Bf4 21. Bxf4 exf4 22. e5 Ng4 23. Nf3 Ne3 24. Rxd8 Rxd8 25.
g3 Nd5 26. gxf4 Nxf4 27. Kc2 g4 28. Nd4 h5 29. a4 h4 30. a5 g3 31. hxg3 hxg3 32.
Rg1 Rg8 33. Kd2 g2 34. Ne2 Nh3 35. Rd1 g1=Q 36. Nxg1 Rxg1 37. Rxg1 Nxg1 38. Ke3 Nh3 39. Kd4 Nf4 40. Kc5 Kd7 41. b4 Ng6 42. Kd4 Kc6 43.
c4 Nf8 44. Kc3 Nd7 45. Kd4 Nb8 46. Ke4 b5 47. c5 Kd7 0-1

[Event "*** Titled Tuesday Blitz"]
[Site "Chess.com"]
[Date "2020.10.20"]
[Round "11"]
[White "KarstenHansch"]
[Black "Rubinstein_Akiba"]
[Result "1-0"]
[WhiteElo "2494"]
[BlackElo "2369"]
[TimeControl "180+1"]
[EndTime "12:08:40 PDT"]
[Termination "KarstenHansch won by checkmate"]

1. e4 c5 2. Nf3 d6 3. Bb5+ Bd7 4. Bxd7+ Nxd7 5. c3 Ngf6 6. Qe2 e6 7. O-O Be7 8.
d4 cxd4 9. cxd4 O-O 10. Bg5 d5 11. Bxf6 Nxf6 12. e5 Ne4 13. Nbd2 Nxd2 14. Qxd2 Rc8 15. Rfc1 Qb6 16. Rxc8 Rxc8 17. Rc1 Rc7 18. Rxc7 Qxc7 19. Qc3 Qxc3 20. bxc3 Ba3 21. Nd2 Kf8 22. Kf1 Ke8 23. Ke2 Kd7 24. Kd3 Kc6 25. Nf3 h6 26. g4 Be7 27. h4 Kb5 28. h5 Ka4 29. Kc2 Ka3 30. Kb1 b5 31. Ne1 Bh4 32. Nc2+ Ka4 33.
f3 a5 34. Kb2 b4 35. a3 bxa3+ 36. Nxa3 Be7 37. Nc2 Kb5 38. Ne3 Bg5 39. Ng2 Kc4 40. f4 Be7 41. Kc2 a4 42. Ne3+ Kb5 43.
f5 Bg5 44. Nd1 Be7 45. Ne3 Bg5 46. Nd1 a3 47. Kb3 a2 48. Kxa2 Kc4 49. Kb2 Kd3 50.
Nf2+ Ke2 51. Nh3 Be7 52. fxe6 fxe6 53. Nf4+ Kf3 54. Nxe6 Kxg4 55. Nxg7 Kg5 56. c4 dxc4 57. Kc3 Kf4 58. Kxc4 Ke4 59. Ne6 Kf5 60. Nc7 Ke4 61. Nd5 Bd8 62. Nf6+ Kf5 63. Ng8 Bg5 64. Kd5 Kg4 65.
e6 Kxh5 66. e7 Bxe7 67. Nxe7 Kg4 68. Ke5 h5 69. Nf5 Kg5 70. d5 Kg4 71. d6 h4 72.
Nxh4 Kxh4 73. d7 Kg3 74. d8=Q Kf3 75. Qg5 Ke2 76. Qg3 Kf1 77. Qh2 Ke1 78. Ke4 Kf1 79.
Ke3 Ke1 80. Qg1# 1-0

[Event "*** Titled Tuesday Blitz"]
[Site "Chess.com"]
[Date "2020.10.20"]
[Round "11"]
[White "annamaja"]
[Black "ikhasu"]
[Result "1-0"]
[WhiteElo "2312"]
[BlackElo "2402"]
[TimeControl "180+1"]
[EndTime "12:08:41 PDT"]
[Termination "annamaja won on time"]

1. e4 e5 2. Nf3 Nc6 3. Bc4 Bc5 4.
d3 d6 5. c3 a6 6. O-O Nf6 7. Bb3 Ba7 8. Nbd2 O-O 9. h3 Be6 10.
Bc2 h6 11. Re1 Ne7 12. Nf1 Ng6 13. Ng3 Qd7 14. d4 c6 15. Nf5 Rfe8 16. Bxh6 gxh6 17. Qd2 Bxf5 18. exf5 Nf4 19. g3 Nxh3+ 20. Kg2 e4 21. Qxh6 Qxf5 22. Nh4 Qg5 23. Qxg5+ Nxg5 24. Nf5 d5 25.
Rh1 Ne6 26. Rh6 Nh7 27. Rah1 Nef8 28. Bd1 Re6 29. R6h4 Rf6 30. Bg4 Re8 31. Ne3 Rg6 32. Bf5 Rg7 33. Ng4 1-0

[Event "*** Titled Tuesday Blitz"]
[Site "Chess.com"]
[Date "2020.10.20"]
[Round "11"]
[White "ExtremeLearner"]
[Black "Quiet_Desperation"]
[Result "1-0"]
[WhiteElo "2377"]
[BlackElo "1866"]
[TimeControl "180+1"]
[EndTime "12:08:42 PDT"]
[Termination "ExtremeLearner won on time"]

1. d4 Nf6 2. Nf3 e6 3. g3 d5 4. Bg2 Be7 5. O-O O-O 6. c4 a6 7.
b3 Nbd7 8. Bb2 c6 9. Nbd2 b5 10. Qc2 Bb7 11. a4 b4 12. Rae1 a5 13. h4 Rc8 14. e4 c5 15. exd5 exd5 16. Qf5 g6 17.
Qf4 Re8 18. Ne5 Nxe5 19. dxe5 Nh5 20. Qg4 Rc7 21. Rd1 d4 22. Bxb7 Rxb7 23. Ne4 Qd7 24. Qxd7 Rxd7 25. f4 Ng7 26. Kg2 Nf5 27. Bc1 h5 28.
Kf3 Kg7 29. Rfe1 Red8 30. Bd2 Kh7 31. Nf2 Kg7 32. Nd3 Kh7 33. e6 fxe6 34. Rxe6 Rd6 35.
Rde1 R8d7 36. Rxd6 Bxd6 37. Re6 Kg7 38. Ne5 Bxe5 39.
fxe5 1-0

[Event "*** Titled Tuesday Blitz"]
[Site "Chess.com"]
[Date "2020.10.20"]
[Round "11"]
[White "mr65"]
[Black "profofchess"]
[Result "1-0"]
[WhiteElo "2187"]
[BlackElo "2339"]
[TimeControl "180+1"]
[EndTime "12:08:42 PDT"]
[Termination "mr65 won by resignation"]

1. e4 e6 2. d4 d5 3. Nc3 Bb4 4. e5 c5 5. a3 Bxc3+ 6. bxc3 Ne7 7. a4 Qa5 8. Qd2 b6 9. Bb5+ Bd7 10. Bd3 Nbc6 11.
Nf3 Bc8 12. O-O Ba6 13. Ba3 cxd4 14. Bxa6 Qxa6 15. cxd4 Qc4 16. Bxe7 Nxe7 17. a5 b5 18. a6 O-O 19. Rfb1 Rab8 20. Rb4 Qc6 21. Qd3 Rb6 22. g3 Rc8 23. Rab1 Rcb8 24. Nd2 h6 25. h4 Qd7 26.
Nb3 Nc6 27. Nc5 Nxb4 28. Nxd7 Nxd3 29. Nxb6 Rxb6 30. cxd3 b4 31. Kf1 Kf8 32. Ke2 Ke7 33. Kd2 b3 34. Kc3 Kd7 35. Rxb3 Rxb3+ 36. Kxb3 Kc6 37. Kb4 Kb6 38. h5 Kxa6 39. g4 Kb6 40. f4 a5+ 41. Ka4 f6 42. exf6 gxf6 43. g5 fxg5 44. fxg5 hxg5 45. h6 g4 46. h7 g3 47.
h8=Q g2 48. Qg7 1-0

[Event "*** Titled Tuesday Blitz"]
[Site "Chess.com"]
[Date "2020.10.20"]
[Round "11"]
[White "gusmaster2262"]
[Black "zurzan"]
[Result "1-0"]
[WhiteElo "2175"]
[BlackElo "2001"]
[TimeControl "180+1"]
[EndTime "12:08:42 PDT"]
[Termination "gusmaster2262 won by resignation"]

1. e4 Nf6 2. e5 Nd5 3. d4 d6 4.
Nf3 g6 5. Be2 Bg7 6. O-O O-O 7.
c4 Nb6 8. exd6 cxd6 9. Nc3 Nc6 10. h3 d5 11. c5 Nc4 12. b3 N4a5 13. Be3 b6 14.
cxb6 axb6 15. Rc1 Ba6 16. Bxa6 Rxa6 17. Qd3 Ra8 18. Qb5 e6 19. Na4 Rb8 20. Rxc6 Nxc6 21.
Qxc6 b5 22. Nc5 Qc8 23. Qxc8 Rfxc8 24. Rc1 Ra8 25. Rc2 Bf8 26. Ne5 Bd6 27. Ned7 Kg7 28. Nb6 Bxc5 29. dxc5 e5 30. Nxa8 Rxa8 31. c6 d4 32. c7 Rc8 33. Bd2 Kf8 34. Bb4+ Ke8 35. Kf1 Kd7 36. Ba5 f5 37. f3 Kd6 38. Ke2 Kd5 39. b4 e4 40. Rc5+ Ke6 41. Rxb5 d3+ 42. Kd2 h5 43. Rb8 Kd7 44. Rxc8 Kxc8 45. b5 Kb7 46. b6 g5 47. a4 g4 48. fxe4 fxe4 49.
Ke3 gxh3 50. gxh3 1-0

[Event "*** Titled Tuesday Blitz"]
[Site "Chess.com"]
[Date "2020.10.20"]
[Round "11"]
[White "Cocaino74"]
[Black "oogee"]
[Result "0-1"]
[WhiteElo "2347"]
[BlackElo "2216"]
[TimeControl "180+1"]
[EndTime "12:08:43 PDT"]
[Termination "oogee won by resignation"]

1. a4 e5 2. Nf3 e4 3. Nd4 Bc5 4.
Nb3 Be7 5. e3 Nf6 6. d3 d5 7.
Nc3 exd3 8. Bxd3 c5 9. Bb5+ Nc6 10. a5 O-O 11. a6 Ne5 12. O-O b6 13. f4 Bg4 14. fxe5 Bxd1 15. exf6 Bxc2 16. fxe7 Qxe7 17. Ra3 Rad8 18. Bc6 d4 19. Nd5 Qd6 20. Bb7 Rfe8 21.
exd4 cxd4 22. Bf4 Qg6 23. Nxd4 Be4 24. Rg3 Bxd5 25. Rxg6 hxg6 26. Bc7 Rd7 27. Bxd5 Rxd5 28. Nc6 Rc5 29. Nxa7 Ra8 30. Nb5 Rxb5 31. Ra1 Rxb2 32. a7 b5 33. Be5 Re2 34. Bd6 Re6 35. Bc7 Re7 36. Bd6 Rexa7 37. Rb1 Rb7 38. Kf2 Rc8 39.
Bf4 Rc2+ 40. Kg3 b4 41. Kg4 b3 42. Be3 b2 43. Bd4 Rb4 44. Kf3 Rxd4 45. Re1 Rc1 46.
Re8+ Kh7 47. Rb8 b1=Q 48. Rxb1 Rxb1 49. Ke3 Rdb4 50. g4 R1b3+ 51. Kd2 Ra4 52. Kc2 Rh3 53. Kc1 Rxg4 54. Kb1 Rg2 0-1

[Event "*** Titled Tuesday Blitz"]
[Site "Chess.com"]
[Date "2020.10.20"]
[Round "11"]
[White "GelmanAlexander"]
[Black "AndrewDGreen"]
[Result "0-1"]
[WhiteElo "2563"]
[BlackElo "2415"]
[TimeControl "180+1"]
[EndTime "12:08:44 PDT"]
[Termination "AndrewDGreen won on time"]

1. d4 Nf6 2. Nc3 d5 3. Bf4 a6 4.
e3 e6 5. g4 Bb4 6. Bg2 c5 7. g5 Nfd7 8. Nf3 Bxc3+ 9. bxc3 Qa5 10. O-O Qxc3 11. Rb1 Nc6 12. h4 b5 13. h5 Bb7 14. a4 Qa5 15. axb5 axb5 16. h6 gxh6 17. dxc5 Nxc5 18. Nd4 hxg5 19. Rxb5 Qa7 20. Bd6 Ne4 21. Bxe4 dxe4 22. Rxg5 Nxd4 23. exd4 Kd7 24. Bc5 Qa2 25.
d5 Bxd5 26. Qd4 Rhg8 27. Rg3 Qxc2 28. Bb4 e3 29. Qxe3 Rg6 30. Qe5 Rxg3+ 31. Qxg3 h5 32. Qd6+ Kc8 33. Kh2 h4 34. Rg1 Kb7 35. Qd7+ Kb6 36. Qd6+ Kb5 37. Bc5 Qe4 0-1

[Event "*** Titled Tuesday Blitz"]
[Site "Chess.com"]
[Date "2020.10.20"]
[Round "11"]
[White "Sueetin"]
[Black "korbul"]
[Result "1-0"]
[WhiteElo "2381"]
[BlackElo "2502"]
[TimeControl "180+1"]
[EndTime "12:08:46 PDT"]
[Termination "Sueetin won by checkmate"]

1. d4 Nf6 2. c4 e6 3. Nc3 Bb4 4.
e3 b6 5. Ne2 Bb7 6. a3 Be7 7. Ng3 h5 8. h3 h4 9. Nge2 d5 10. Nf4 g5 11. Nd3 Nbd7 12. cxd5 Nxd5 13. Nxd5 Bxd5 14. Nb4 Bxb4+ 15. axb4 Qe7 16. Bd2 f5 17. Qc2 Nf6 18. Bb5+ Kf7 19. f3 Qd6 20. O-O Kg7 21.
Bc3 Bb7 22. Bd3 Nd5 23. e4 Ne3 24. Qd2 f4 25. Rfe1 Kh6 26. d5 e5 27. Rxe3 fxe3 28. Qxe3 c6 29. dxc6 Bxc6 30. Bc4 Rh7 31. Bb3 Rg7 32.
Rd1 Qf6 33. Rd3 a5 34. bxa5 bxa5 35. Qd2 a4 36. Rd6 Qxd6 37. Qxd6+ Rg6 38. Qxe5 axb3 39.
f4 Re8 40. fxg5+ Kh5 41. Qc7 Bxe4 42. Bd2 Rc6 43. Qf7+ Bg6 44. Qf3# 1-0

[Event "*** Titled Tuesday Blitz"]
[Site "Chess.com"]
[Date "2020.10.20"]
[Round "11"]
[White "PotapovaM"]
[Black "cstevens1"]
[Result "1-0"]
[WhiteElo "2545"]
[BlackElo "2659"]
[TimeControl "180+1"]
[EndTime "12:08:47 PDT"]
[Termination "PotapovaM won on time"]

1. d4 Nf6 2. c4 Nc6 3. Nf3 e6 4. a3 g6 5. g3 Bg7 6. Bg2 d6 7.
O-O O-O 8. Nc3 Re8 9. e3 e5 10.
d5 Nb8 11. e4 a5 12. Be3 Ng4 13. Bg5 f6 14. Bd2 Nh6 15. b4 Nf7 16. c5 Na6 17. Be3 f5 18. Qd2 Rb8 19. Rfc1 axb4 20. axb4 Nxb4 21.
Nb5 Na6 22. Rab1 Nxc5 23. Bxc5 dxc5 24. Rxc5 fxe4 25. Ne1 c6 26. Nc3 Bf8 27. Rxc6 bxc6 28. Rxb8 Qc7 29. Rb1 Rd8 30. Nxe4 Bg7 31. Qc3 Bd7 32.
Rc1 Rc8 33. Qd3 Bf5 34. Rxc6 Qd8 35. Qe2 Rb8 36. g4 Bd7 37. Rc1 h6 38. Nc5 Nd6 39. Na6 1-0

[Event "*** Titled Tuesday Blitz"]
[Site "Chess.com"]
[Date "2020.10.20"]
[Round "11"]
[White "Harsha_Bharathakoti"]
[Black "Semetey"]
[Result "1-0"]
[WhiteElo "2794"]
[BlackElo "2556"]
[TimeControl "180+1"]
[EndTime "12:08:48 PDT"]
[Termination "Harsha_Bharathakoti won by checkmate"]

1. c4 Nf6 2. Nc3 e5 3. g3 Bc5 4.
Bg2 O-O 5. e3 Nc6 6. Nge2 d6 7.
O-O a6 8. d4 exd4 9. exd4 Ba7 10.
h3 Re8 11. Be3 h6 12. Qd3 Bd7 13. Rfe1 Qc8 14. g4 Rb8 15. Ng3 b5 16. b3 bxc4 17. bxc4 Rb2 18. Rab1 Rxb1 19. Rxb1 Nd8 20. Nf5 Bc6 21. d5 Bxe3 22. dxc6 Bb6 23. Nxd6 Bxf2+ 24. Kxf2 cxd6 25. Qxd6 Re6 26. Rb8 Rxd6 27. Rxc8 Kh7 28. c7 Ne6 29. Rh8+ Kxh8 30. c8=Q+ Rd8 31. Qxa6 Rd2+ 32.
Kf1 Nf4 33. Qa8+ Kh7 34. Be4+ g6 35. Qf8 Rd7 36. Nd5 Nxe4 37. Nxf4 Nd2+ 38. Ke2 Nxc4 39. Nd5 Ne5 40. Nf6# 1-0

[Event "*** Titled Tuesday Blitz"]
[Site "Chess.com"]
[Date "2020.10.20"]
[Round "11"]
[White "TST2014"]
[Black "davigator"]
[Result "0-1"]
[WhiteElo "2494"]
[BlackElo "2374"]
[TimeControl "180+1"]
[EndTime "12:08:48 PDT"]
[Termination "davigator won on time"]

1. d4 Nf6 2. c4 e6 3. Nf3 Bb4+ 4. Bd2 a5 5. g3 b6 6. Bg2 Ba6 7. Qc2 c6 8. Bxb4 axb4 9. a3 Bb7 10. O-O O-O 11.
Nbd2 bxa3 12. bxa3 d5 13. a4 Na6 14. Rfb1 Ra7 15.
e3 c5 16. a5 bxa5 17. Rb6 Qxb6 18. Qa4 Nb4 19. Nb3 cxd4 20. c5 Qc6 21. Nfxd4 Qxa4 22. Rxa4 Nc6 23. Nb5 Raa8 24. Nd6 Bc8 25. Bf1 Ne4 26.
Bb5 Bd7 27. Nxe4 dxe4 28. Rxe4 Rfb8 29. Ba4 Be8 30. h4 Rb4 31. Rf4 e5 32. Rxb4 Nxb4 33.
Bxe8 Rxe8 34. Nxa5 Rc8 35. Nb7 Na6 36. Nd6 Rxc5 37.
Kg2 f6 38. Kf3 Rd5 39. Nf5 Kf7 40. g4 Nc5 41. Ng3 Rd1 42. Ke2 Ra1 43. Kf3 g6 44. Ke2 Ke6 45. Kf3 f5 46. gxf5+ gxf5 47. h5 Ra2 48. h6 Kf6 49. Nh5+ Kg5 50. Ng7 Ne4 51.
Ne6+ Kxh6 52. Kg2 Rxf2+ 53. Kh3 Kg6 54. Nc7 h5 55. Nd5 Kg5 56. Ne7 Rf3+ 57. Kg2 Rxe3 58. Nc6 Kf4 59. Ne7 Re2+ 60. Kh3 Ng5+ 0-1

[Event "*** Titled Tuesday Blitz"]
[Site "Chess.com"]
[Date "2020.10.20"]
[Round "11"]
[White "Fy_Rakotomaharo"]
[Black "ChristopherYoo"]
[Result "0-1"]
[WhiteElo "2646"]
[BlackElo "2836"]
[TimeControl "180+1"]
[EndTime "12:08:49 PDT"]
[Termination "ChristopherYoo won by resignation"]

1. e4 c6 2. Nf3 d5 3. d3 g6 4.
e5 Bg7 5. d4 c5 6. dxc5 Bg4 7.
Bb5+ Nc6 8. O-O e6 9. Bxc6+ bxc6 10. Re1 Ne7 11. c3 Qc7 12. Bf4 Rb8 13. b4 a5 14.
a3 O-O 15. Nbd2 d4 16. cxd4 axb4 17. axb4 Rxb4 18. h3 Bf5 19. Nf1 Nd5 20. Bd2 Rb5 21.
Ng3 Qd7 22. Nxf5 exf5 23. Qc1 Re8 24. Bh6 Nb4 25. Bxg7 Kxg7 26. Qg5 Nc2 27. Qf6+ Kg8 28. Qh4 Nxa1 29. Rxa1 Reb8 30. Kh2 Rb1 31. Ra6 Rd1 32. Qf6 Rc8 33. h4 h5 34. Qd6 Qe8 35. Kg3 Rd3 36.
Kf4 Rd8 37. Qxc6 R8xd4+ 38. Nxd4 Rxd4+ 39. Kg5 Qe7+ 40. Qf6 Rg4+ 41. Kh6 Qf8+ 0-1

[Event "*** Titled Tuesday Blitz"]
[Site "Chess.com"]
[Date "2020.10.20"]
[Round "11"]
[White "Kurai"]
[Black "konradrutkowski"]
[Result "1-0"]
[WhiteElo "2582"]
[BlackElo "2423"]
[TimeControl "180+1"]
[EndTime "12:08:50 PDT"]
[Termination "Kurai won by resignation"]

1. d4 Nf6 2. c4 e6 3. Nc3 Bb4 4. e3 O-O 5. Bd3 b6 6. Nf3 Bb7 7. O-O d5 8. cxd5 exd5 9. a3 Be7 10. b4 Nbd7 11. Qb3 Re8 12. a4 Nf8 13. Ba3 Ng6 14. b5 Bxa3 15. Qxa3 a6 16. Qb3 axb5 17.
axb5 Rxa1 18. Rxa1 Ne4 19. Qc2 Nd6 20. Na2 Qd7 21.
Nc3 Nc4 22. Ra7 Rb8 23. Qa2 Qe6 24. e4 Nf4 25. Bf1 dxe4 26. Bxc4 Qf6 27. Ne5 h5 28. Bxf7+ Kh7 29. Bc4 Qg5 30. g3 e3 31. Qc2+ g6 32.
fxe3 Nh3+ 33. Kf1 Rf8+ 34. Bf7 Rxf7+ 35. Nxf7 Qf6+ 36. Ke1 Qf3 37. Rxb7 Qxe3+ 38. Ne2 Qf2+ 39. Kd2 Qf3 40. Ne5 Qxb7 41. Qxg6+ Kh8 42. Qxh5+ 1-0

[Event "*** Titled Tuesday Blitz"]
[Site "Chess.com"]
[Date "2020.10.20"]
[Round "11"]
[White "KatarinaOstojic"]
[Black "mr_gustavo"]
[Result "1-0"]
[WhiteElo "2353"]
[BlackElo "2411"]
[TimeControl "180+1"]
[EndTime "12:08:52 PDT"]
[Termination "KatarinaOstojic won by resignation"]

1. d4 d5 2. c4 c6 3. Nc3 Nf6 4. Nf3 e6 5. e3 Nbd7 6. Qc2 Bd6 7. b3 O-O 8. Be2 e5 9. dxe5 Nxe5 10. cxd5 cxd5 11. O-O Re8 12. Bb2 Bg4 13. Nxe5 Bxe5 14. h3 Bxe2 15. Qxe2 d4 16. Nb5 dxe3 17. Bxe5 Rxe5 18.
fxe3 a6 19. Nc3 Qb6 20. Rf3 Rae8 21. Re1 Qc5 22. Qd2 b5 23. Kh2 b4 24. Na4 Qc7 25.
Kg1 Ne4 26. Qxb4 a5 27. Qd4 Qc2 28. Qd7 f6 29. Nb6 Rf8 30. Nc4 Rg5 31. Qe6+ Kh8 32. g4 h5 33. Rf4 hxg4 34. Qxe4 gxh3+ 35. Kh1 Qg2+ 36. Qxg2 hxg2+ 37. Kg1 Rd8 38. Rh4+ Kg8 39. Rh2 Rd3 40. Rxg2 Rxg2+ 41. Kxg2 Rc3 42. Nxa5 Rc2+ 43. Kf3 Rxa2 44. Nc4 Rc2 45. Rb1 g5 46. Nd6 Kg7 47.
b4 Rc6 48. Nf5+ Kg6 49. Ne7+ 1-0

[Event "*** Titled Tuesday Blitz"]
[Site "Chess.com"]
[Date "2020.10.20"]
[Round "11"]
[White "Mr_Sinigami"]
[Black "Sacbutt"]
[Result "0-1"]
[WhiteElo "2479"]
[BlackElo "2302"]
[TimeControl "180+1"]
[EndTime "12:08:52 PDT"]
[Termination "Sacbutt won on time"]

1. d4 e5 2. dxe5 Nc6 3. Nf3 Qe7 4. Nc3 Nxe5 5. Nd5 Nxf3+ 6. gxf3 Qd8 7. Bf4 d6 8. e4 Be7 9. Qd2 Nf6 10. Nc3 Be6 11. O-O-O a6 12. Rg1 g6 13. Qe3 Nh5 14. Bh6 Qd7 15. f4 O-O-O 16. Be2 Nf6 17. Bf3 Kb8 18. Qe2 Qc8 19. f5 Bd7 20. Bg7 Rhe8 21. Bxf6 Bxf6 22. Nd5 Be5 23. f6 Bxh2 24. Ne7 Rxe7 25. fxe7 Re8 26. Rh1 Bf4+ 27. Kb1 h5 28. Qd3 Rxe7 29.
Rhe1 Be5 30. a3 Bg4 31. Bxg4 Qxg4 32. Qc4 Qe6 33. Qa4 Qd7 34. Qb3 Qe6 35. Qd3 g5 36.
Qe2 h4 37. Rd3 f6 38. Rb3 Ka8 39. f3 Bf4 40. Rd1 Qd7 41. Qc4 h3 42. Qd5 Qc6 43. Qg8+ Re8 44. Qh7 h2 45. Rc3 Qb6 46. Qh5 Rc8 47. Qh3 Kb8 48. Rcd3 Be5 49. b4 Qb5 50.
Qg2 Qa4 0-1

[Event "*** Titled Tuesday Blitz"]
[Site "Chess.com"]
[Date "2020.10.20"]
[Round "11"]
[White "Tooweak2slow03"]
[Black "TigrVShlyape"]
[Result "0-1"]
[WhiteElo "2788"]
[BlackElo "2873"]
[TimeControl "180+1"]
[EndTime "12:08:53 PDT"]
[Termination "TigrVShlyape won by resignation"]

1. e4 e5 2. Nf3 Nc6 3. Nc3 Nf6 4. a3 d6 5. d4 Bg4 6. d5 Nb8 7. Be2 Bxf3 8. Bxf3 g6 9. Be3 Nbd7 10. Qd2 h5 11.
h3 Ng8 12. O-O-O Bh6 13. g4 Bxe3 14. Qxe3 Ngf6 15. Rdg1 a6 16. g5 Nh7 17. h4 Qb8 18. Be2 Qa7 19. Qg3 Nhf8 20. f4 exf4 21. Qxf4 Ne5 22.
Rf1 Nfd7 23. Bd3 O-O-O 24. Nd1 Rdf8 25. Ne3 Qd4 26. Rd1 Nc5 27. Bxa6 Qxe4 28. Qxe4 Nxe4 29. Rd4 Nf2 30. Rf1 Nfg4 31. Nxg4 hxg4 32. Be2 Rxh4 33.
Rff4 Rh1+ 34. Kd2 Rh2 35. Ke3 g3 36. Ra4 Kd7 37. Rf1 Rfh8 38. Rg1 Re8 39. Rxg3 Ng4+ 40. Kd4 Rexe2 41. Rxg4 Rd2+ 42. Ke3 Rhe2+ 43. Kf3 Rxc2 44. b4 Rf2+ 45. Kg3 Rf5 46. Ra7 b5 47. Ra8 Rxd5 48.
Rf4 Rxg5+ 49. Kf3 Rf5 50. Rxf5 gxf5 51. a4 bxa4 52. Rxa4 Rc4 53. Ke3 Re4+ 54. Kf3 Kc6 55. Ra5 Rxb4 56. Rxf5 d5 57. Rxf7 Re4 58. Rf8 Kc5 59.
Ra8 c6 60. Ra5+ Kb6 61. Ra8 c5 62. Rd8 Kc6 63. Rc8+ Kb5 64. Rd8 Kc4 65. Ra8 Re7 66. Kf2 d4 67. Ra7 0-1

[Event "*** Titled Tuesday Blitz"]
[Site "Chess.com"]
[Date "2020.10.20"]
[Round "11"]
[White "Mazetovic"]
[Black "tlomigtlis"]
[Result "1-0"]
[WhiteElo "2739"]
[BlackElo "2568"]
[TimeControl "180+1"]
[EndTime "12:08:53 PDT"]
[Termination "Mazetovic won by checkmate"]

1. e4 c5 2. Nf3 d6 3. d4 cxd4 4. Nxd4 Nf6 5. Nc3 a6 6. h3 e5 7.
Nde2 h5 8. Bg5 Be7 9. Qd2 Be6 10. Ng3 Nbd7 11. Nf5 Bxf5 12. exf5 d5 13. O-O-O d4 14. Ne2 Nc5 15. Bxf6 Bxf6 16. Kb1 Ne4 17. Qe1 Nd6 18. Nxd4 O-O 19. Nf3 Qb6 20. c3 Nxf5 21. g4 e4 22. Qxe4 Nd6 23. Qc2 Nb5 24. Bxb5 axb5 25. g5 Be7 26. Nd4 b4 27. cxb4 Bxb4 28. Nf5 Rfc8 29.
Qb3 Qxf2 30. Rhf1 Qa7 31. g6 Bf8 32. Qxf7+ Kh8 33. Nh6 Qxa2+ 34. Qxa2 Rxa2 35. Nf7+ Kg8 36. Kxa2 Ra8+ 37. Kb3 Rc8 38. Rd8 Rc6 39. Rxf8+ Kxf8 40. Ne5+ Rf6 41. Nd7+ Ke7 42. Nxf6 gxf6 43. Rf5 Ke6 44. Rxh5 f5 45. Rxf5 Kxf5 46. g7 Ke4 47. g8=Q b5 48. Qg4+ Ke5 49. h4 b4 50. h5 Kf6 51. h6 Ke7 52. h7 Kd6 53. h8=Q Kc5 54. Qe5+ Kb6 55. Qge6+ Ka7 56. Qc7+ Ka8 57. Kc4 b3 58. Qa6# 1-0

[Event "*** Titled Tuesday Blitz"]
[Site "Chess.com"]
[Date "2020.10.20"]
[Round "11"]
[White "NotFischer"]
[Black "Qvalda"]
[Result "1-0"]
[WhiteElo "2280"]
[BlackElo "2394"]
[TimeControl "180+1"]
[EndTime "12:08:54 PDT"]
[Termination "NotFischer won on time"]

1. e4 g6 2. d4 Bg7 3. Nc3 d6 4.
Bf4 Nd7 5. Nf3 e5 6. dxe5 dxe5 7. Bg5 f6 8. Be3 Nh6 9. Bc4 c6 10. h3 Nf7 11. Qd2 Nb6 12. Bb3 Qxd2+ 13. Nxd2 O-O 14. a4 Rd8 15. a5 Nd7 16. O-O-O Bf8 17. Nc4 Kg7 18.
Rd2 Nc5 19. Bxc5 Rxd2 20. Bxf8+ Kxf8 21. Kxd2 Be6 22. Ne3 Rd8+ 23. Ke2 Bxb3 24. cxb3 Ke7 25. Rd1 Rg8 26. g3 Nd6 27. Nc4 Nf7 28. b4 Ng5 29. h4 Ne6 30. Ke3 Nd4 31. Rd2 Rd8 32. Ne2 Ne6 33. Rxd8 Nxd8 34. f4 Ke6 35. b3 Nf7 36. g4 h6 37. f5+ gxf5 38. exf5+ Ke7 39. Ng3 Nd8 40. Ke4 Nf7 41. Nh5 b5 42. Ne3 Nd6+ 43.
Kd3 1-0